 Dungeon Crawl Stone Soup version 0.26-a0-812-g31a745ddcd (webtiles) character file.

Game seed: 7963049366932967524

81 marklar909 the Vexing (level 4, 0/34 HPs)
             Began as a Draconian Enchanter on Nov 14, 2020.
             Killed from afar by an orc wizard (4 damage)
             ... with a magic dart
             ... on level 3 of the Dungeon.
             The game lasted 00:02:09 (2050 turns).

marklar909 the Vexing (Draconian Enchanter)         Turns: 2050, Time: 00:02:10

Health: 0/34       AC:  8    Str: 10    XL:     4   Next: 20%
Magic:  8/8        EV: 12    Int: 16    God:
Gold:   39         SH:  0    Dex: 12    Spells: 7/8 levels left

rFire    . . .     SeeInvis .   a - +1 dagger
rCold    . . .     Faith    .   (no shield)
rNeg     . . .     Spirit   .   (armour unavailable)
rPois    .         Reflect  .   (helmet restricted)
rElec    .         Harm     .   f - +2 cloak
rCorr    .         Rampage  .   (no gloves)
MR       .....                  (no boots)
Stlth    ++........             (no amulet)
HPRegen  0.11/turn              (no ring)
MPRegen  0.11/turn              (no ring)

@: no status effects
A: unfitting armour, cold-blooded, AC +5
a: no special abilities


You were on level 3 of the Dungeon.
You visited 1 branch of the dungeon, and saw 3 of its levels.

You collected 39 gold pieces.

Inventory:

Hand Weapons
 a - a +1 dagger (weapon)
Armour
 f - a +2 cloak (worn)
Jewellery
 b - an uncursed ring of magical power {unknown}
Scrolls
 g - a scroll of noise {unknown}
 h - 3 scrolls of fear {unknown}
 i - 2 scrolls of identify {unknown}
 j - a scroll of blinking {unknown}
Potions
 c - a potion of heal wounds {unknown}
 d - 2 potions of curing {unknown}
 e - a potion of flight {unknown}


   Skills:
 + Level 0.6 Fighting
 + Level 1.8 Short Blades
 + Level 2.1 Dodging
 + Level 3.1 Stealth
 + Level 2.6 Spellcasting
 + Level 3.2 Hexes


You had 7 spell levels left.
You knew the following spells:

 Your Spells              Type           Power        Failure   Level
a - Corona                Hex            ##.....      4%          1

Your spell library contained the following spells:

 Spells                   Type           Power        Failure   Level
 Ensorcelled Hibernation  Hex/Ice        #.....       16%         2
 Confusing Touch          Hex            ##......     16%         3
 Tukima's Dance           Hex            ##......     16%         3
 Dazzling Flash           Conj/Hex       #.....       30%         3


Dungeon Overview and Level Annotations

Branches:
Dungeon (2/15)

Altars:


Innate Abilities, Weirdness & Mutations

Your plain brown scales are hard. (AC +5)
You cannot fit into any form of body armour.
You are cold-blooded and may be slowed by cold attacks.


Message History

Deactivating autopickup; reactivate with Ctrl-A.
The orc wizard hits you but does no damage.
You miss something.
Your tail-slap misses something.
You feel less confused.
You hear some strange, mumbled words.
A magic dart appears from out of thin air!
The magic dart hits you.
* * * LOW HITPOINT WARNING * * *
The orc wizard hits you but does no damage.
You barely miss something.
Your tail-slap misses something.
Something hits you.
* * * LOW HITPOINT WARNING * * *
The orc wizard barely misses you.
You barely miss something. Something hits you but does no damage.
The orc wizard hits you with a +0 dagger.
* * * LOW HITPOINT WARNING * * *
You hit something.
You hear some strange, mumbled words.
A magic dart appears from out of thin air!
The magic dart hits you.
You die...

#....(# # #
#.###.....##.#
#.#............# ##.
##.....#### #### ...
#..)..####### ...
#.######.##.......
#..
#...####.##.######
..{#..#####.......#.#
#.....o#@{..###..#.#
#o#o##.# #..#.#
#..o##.# #..#.#
.......####># #..#.#
#....#########.# #.#
#..#.# .......# #.#
#.# #..#.# .......
#.# ..# #..#.# .....
#.# ...###..#.# #...#
#.# ........#.#


You could see an orc wizard and an orc.

Vanquished Creatures
  An orc priest (D:3)
  A worm (D:3)
  A dart slug (D:1)
  2 orcs (D:3)
  7 bats
  A giant cockroach (D:1)
  5 goblins
  8 hobgoblins (D:1)
  3 jackals (D:1)
  3 kobolds (D:1)
  2 ball pythons
  2 frilled lizards
  5 rats
41 creatures vanquished.

Notes
Turn   | Place    | Note
-------+----------+-------------------------------------------
     0 | D:1      | marklar909 the Draconian Enchanter began the quest for the
                  | Orb.
     0 | D:1      | Reached XP level 1. HP: 14/14 MP: 3/3
   143 | D:1      | Reached XP level 2. HP: 12/20 MP: 5/5
   896 | D:1      | Reached XP level 3. HP: 11/26 MP: 0/6
  1735 | D:2      | You fall into a shaft and drop 1 floor!
  2021 | D:3      | Reached XP level 4. HP: 21/34 MP: 6/8
  2050 | D:3      | Killed from afar by an orc wizard

Illustrated notes

Levels and vault maps discovered:
D:1:      minmay_arrival_stair_chambers, layout_loops_ring, st_stairs_3
D:2:      minmay_inner_zag, layout_basic, tgw_trog
D:3:      layout_loops_ring

Skill      XL: |  1  2  3 |
---------------+----------+-----
Hexes          | 3 |  3.2
Stealth        | 3 |  3.1
Dodging        | 2 |  2.1
Fighting       | |  0.6
Short Blades   | |  1.8
Spellcasting   | |  2.6

Action                   |  1- 3 |  4- 6 || total
-------------------------+-------+-------++-------
Melee: Dagger            |   163 |    22 ||   185
       Tailslap          |    18 |     2 ||    20
 Cast: Corona            |    41 |     1 ||    42
 Stab: Sleeping          |     3 |       ||     3
Armor: Skin              |    74 |     9 ||    83
Dodge: Dodged            |   139 |    19 ||   158

Table legend: (Time is in decaauts)
 A = Elapsed time spent in this place.
 B = Non-inter-level travel time spent in this place.
 C = Inter-level travel time spent in this place.
 D = Time resting spent in this place.
 E = Time spent auto-exploring this place.
 F = Levels seen in this place.
 G = Mean time per level.
                   A        B        C        D        E       F      G
               +--------+--------+--------+--------+--------+-----+--------+
         Total |   2035 |   1970 |     65 |     17 |   1575 |   3 |  678.3 |
       Dungeon |   2035 |   1970 |     65 |     17 |   1575 |   3 |  678.3 |
               +--------+--------+--------+--------+--------+-----+--------+

Top non-repeatable levels by time:
     D:1: 1638 daAuts
     D:3: 310 daAuts
     D:2: 86 daAuts
